 Dungeon Crawl Stone Soup version 0.30-a0-1050-g2766ea1e55 (webtiles) character file.

Game seed: 15210031133071349293

12191 Majang the Geomancer (level 11, -2/61 HPs)
             Began as a Deep Elf Earth Elementalist on Apr 11, 2023.
             Was an Elder of Vehumet.
             Slain by a vampire
             ... wielding a +1 hand axe of electrocution
              (11 damage)
             ... on level 11 of the Dungeon.
             The game lasted 01:00:31 (13072 turns).

Majang the Geomancer (Deep Elf Earth Elementalist) Turns: 13072, Time: 01:00:32

Health: -2/61      AC: 12    Str:  5    XL:     11   Next: 59%
Magic:  2/26       EV: 15    Int: 25    God:    Vehumet [****..]
Gold:   200        SH: 12    Dex: 15    Spells: 14/29 levels left

rFire   + . .      SeeInvis .    c - staff of earth
rCold   + . .      Faith    .    H - +2 buckler {reflect}
rNeg    . . .      Spirit   .    w - +1 steam dragon scales
rPois   +          Reflect  +    g - +0 helmet
rElec   +          Rampage  .    a - +2 cloak
rCorr   +                        d - +0 pair of gloves
Will    ++...                    F - +0 pair of boots
Stlth   ++                       r - amulet of reflection
HPRegen 0.30/turn                L - ring of willpower
MPRegen 0.20/turn                y - ring of wizardry

@: resistant, slowed, very slow
A: no striking features
a: Renounce Religion


You were on level 11 of the Dungeon.
You worshipped Vehumet.
Vehumet was greatly pleased with you.
You visited 2 branches of the dungeon, and saw 12 of its levels.
You also visited: Bailey.

You collected 683 gold pieces.
You spent 483 gold pieces at shops.

Inventory:

Hand Weapons
 u - a +1 flail of freezing
 z - a +2 hand axe of flaming
Armour
 a - a +2 cloak (worn)
 d - a +0 pair of gloves (worn)
 g - a +0 helmet (worn)
 w - +1 steam dragon scales (worn)
 F - a +0 pair of boots (worn)
 H - a +2 buckler of reflection (worn)
 M - a +1 leather armour of cold resistance
 N - a +2 robe of cold resistance
Magical Staves
 c - a staff of earth (weapon)
Jewellery
 j - a ring of flight
 r - an amulet of reflection (around neck)
 t - a ring of ice
 y - a ring of wizardry (right hand)
 L - a ring of willpower (left hand)
Wands
 p - a wand of paralysis (6)
 x - a wand of polymorph (7)
 J - a wand of roots (7)
Scrolls
 e - a scroll of fog
 k - 2 scrolls of brand weapon
 n - 5 scrolls of magic mapping
 v - 3 scrolls of teleportation
 B - 3 scrolls of amnesia
 G - 2 scrolls of blinking
 I - a scroll of summoning
 K - a scroll of immolation
Potions
 b - 3 potions of magic
 f - 3 potions of haste
 h - a potion of brilliance
 i - 3 potions of might
 l - 4 potions of attraction
 m - 4 potions of cancellation
 o - 4 potions of lignification
 q - 2 potions of flight
 A - 4 potions of curing
 D - a potion of mutation
 E - a potion of invisibility


   Skills:
 + Level 4.2 Fighting
 + Level 5.2 Staves
 + Level 6.9 Dodging
 - Level 2.4 Stealth
 + Level 2.8 Shields
 + Level 9.6 Spellcasting
 + Level 7.2 Conjurations
 - Level 1.1 Transmutations
 * Level 7.5 Air Magic
 + Level 9.8 Earth Magic
 + Level 5.6 Evocations


You had 14 spell levels left.
You knew the following spells:

 Your Spells              Type           Power      Damage    Failure   Level
a - Sandblast             Erth           100%       2d20      1%          1
b - Stone Arrow           Conj/Erth      100%       3d13      1%          3
j - Arcjolt               Conj/Air       24%        1d34      1%          5
p - Plasma Beam           Fire/Air       15%        2x1d29    22%         6

Your spell library contained the following spells:

 Spells                   Type           Power      Damage    Failure   Level
 Inner Flame              Hex/Fire       12%        N/A       2%          3
 Passwall                 Tmut/Erth      46%        N/A       1%          2
 Poisonous Vapours        Pois/Air       60%        N/A       1%          2
 Vhi's Electric Charge    Tloc/Air       60%        N/A       1%          3
 Sting                    Tmut/Pois      56%        1d5       2%          1
 Petrify                  Tmut/Erth      56%        N/A       2%          4
 Olgreb's Toxic Radiance  Pois           12%        N/A       8%          4
 Ozocubu's Armour         Ice            12%        N/A       9%          3
 Metabolic Englaciation   Hex/Ice        6%         N/A       56%         5
 Simulacrum               Ice/Necr       6%         N/A       98%         6


Dungeon Overview and Level Annotations

Branches:
Dungeon (11/15)            Temple (1/1) D:6            Lair (0/5) D:11
    Orc (0/2) D:11         Bailey (visited)

Altars:
Ashenzari
Cheibriados
Dithmenos
Elyvilon
Fedhas
Gozag
Hepliaklqana
Kikubaaqudgha
Makhleb
Nemelex Xobeh
Okawaru
Qazlal
Ru
Sif Muna
Trog
Uskayaw
Vehumet
Wu Jian
Xom
Yredelemnul
Zin
The Shining One

Shops:
D:3 [   D:8 [   D:9 *

Annotations:
D:6 3 runed translucent doors, Azuvok's ghost, novice FoFi


Message History

* * * LOW HITPOINT WARNING * * *
Something bites you.
* * * LOW HITPOINT WARNING * * *
Something draws strength from your injuries!
You feel much better. Something hits you but does no damage.
Something bites you.
Something draws strength from your injuries!
Casting: Arcjolt (dangerous; 1% risk of failure)
Confirm with . or Enter, or press ? or * to list all spells.
Electricity surges outward!
Something hits you. Something bites you.
Something draws strength from your injuries!
Something draws life force from you!
Casting: Arcjolt (dangerous; 1% risk of failure)
Confirm with . or Enter, or press ? or * to list all spells.
Electricity surges outward!
Something draws life force from you!!
* * * LOW HITPOINT WARNING * * *
You feel much better. You block something's attack. Something bites you.
Something draws strength from your injuries!
Something hits you but does no damage. Something bites you.
Something draws strength from your injuries!
Casting: Arcjolt (dangerous; 1% risk of failure)
Confirm with . or Enter, or press ? or * to list all spells.
Electricity surges outward!
Something hits you!
* * * LOW HITPOINT WARNING * * *
Something bites you.
* * * LOW HITPOINT WARNING * * *
Something draws strength from your injuries!
Casting: Arcjolt (dangerous; 1% risk of failure)
Confirm with . or Enter, or press ? or * to list all spells.
You don't have enough magic to cast this spell.
Unknown command.
Casting: Arcjolt (dangerous; 1% risk of failure)
Confirm with . or Enter, or press ? or * to list all spells.
Aiming: Sandblast (safe; 1% risk of failure)
Press: ? - help, Shift-Dir - straight line You feel a surge of power!
A vampire appears from thin air!
Reactivating autopickup.
You block the vampire's attack. The vampire closely misses you.
The vampire hits you with a +1 hand axe of electrocution!
You die...

#...............#.###............
#...............#.# ####.########
#...............#. #..
#...............#.## #..
#...............#..# ##.
##.............# #.#
##..))........# #.######
#...)......#.###....... ..
#.............@V.# .
#..........#.###.## .##
#..........#.###..# #####..##.
#.....>....#..###.###.......).
##.........##......##........^
#...........####...#.........
#.........#.# #.#.{..†......
#.........#.#..........###...
..........#.........##.#


You could see a vampire.

Vanquished Creatures
  Josephine (D:11)
  2 vault guards (Bailey)
  A two-headed ogre (D:11)
  An orb spider (D:11)
  Pikel (D:5)
  Maurice (D:9)
  Maggie (D:9)
  A komodo dragon (D:11)
  A troll (D:10)
  Prince Ribbit (Bailey)
  3 wraiths (D:11)
  A human (Bailey)
  11 yaks
  2 vampire mosquitoes (D:11)
  A warg (D:11)
  Menkaure (D:5)
  2 steam dragons
  An acid dragon (D:11)
  Duvessa (D:6)
  5 orc warriors
  An ice beast (D:5)
  5 black bears
  2 sky beasts
  3 ogres
  A centaur (D:7)
  4 lemures
  2 phantoms
  5 kobold brigands
  7 bullfrogs
  A gnoll sergeant (D:9)
  5 scorpions
  Dowan (D:6)
  6 killer bees (D:9)
  2 howler monkeys (D:10)
  2 jellies
  11 orc priests
  4 hounds
  A sleepcap (D:4)
  4 iguanas
  12 orc wizards
  8 adders
  4 gnolls (D:9)
  2 shadow imps
  A white imp (D:8)
  An ufetubus (D:4)
  A worm (D:2)
  A dart slug (D:1)
  54 orcs
  5 endoplasms
  7 giant cockroaches
  7 goblins
  9 hobgoblins
  30 kobolds
  5 quokkas
  4 ball pythons
  2 bats
  6 frilled lizards
  3 rats
268 creatures vanquished.

Vanquished Creatures (others)
  3 plants (D:11)
3 creatures vanquished.

Grand Total: 271 creatures vanquished

Notes
Turn   | Place    | Note
-------+----------+-------------------------------------------
     0 | D:1      | Majang the Deep Elf Earth Elementalist began the quest for
                  | the Orb.
     0 | D:1      | Reached XP level 1. HP: 10/10 MP: 6/6
   297 | D:1      | Reached XP level 2. HP: 15/15 MP: 5/8
  1172 | D:2      | Reached XP level 3. HP: 19/19 MP: 7/10
  2081 | D:2      | Learned a level 3 spell: Stone Arrow
  2121 | D:3      | Found Xotenig's Armour Shop.
  2207 | D:3      | Reached XP level 4. HP: 24/24 MP: 10/12
  2323 | D:3      | You are sucked into a shaft and drop 2 floors!
  2323 | D:5      | Entered Level 5 of the Dungeon
  2324 | D:5      | Noticed a lemure
  2324 | D:5      | Noticed a lemure
  2362 | D:5      | Noticed a phantom
  2370 | D:5      | Killed a phantom
  2371 | D:5      | Reached skill level 1 in Conjurations
  2371 | D:5      | Reached skill level 5 in Earth Magic
  2371 | D:5      | Reached XP level 5. HP: 11/28 MP: 6/13
  2450 | D:5      | Noticed an ice beast
  2583 | D:5      | Killed an ice beast
  2584 | D:5      | Reached skill level 5 in Spellcasting
  2592 | D:5      | Reached XP level 6. HP: 31/32 MP: 8/15
  2849 | D:5      | Reached XP level 7. HP: 36/36 MP: 14/17
  3492 | D:3      | Found a faded altar of an unknown god.
  3611 | D:4      | Found a radiant altar of Vehumet.
  3628 | D:4      | Became a worshipper of Vehumet
  3789 | D:4      | Found an ornate altar of the Wu Jian Council.
  3999 | D:4      | Learned a level 5 spell: Arcjolt
  4127 | D:5      | Noticed Menkaure
  4128 | D:5      | Noticed Pikel
  4133 | D:5      | Paralysed by Pikel for 4 turns
  4513 | D:5      | Killed Menkaure
  4514 | D:5      | Reached skill level 1 in Air Magic
  4514 | D:5      | Reached skill level 1 in Evocations
  4514 | D:5      | Reached XP level 8. HP: 42/42 MP: 16/19
  4543 | D:5      | Paralysed by Pikel for 2 turns
  4546 | D:5      | Killed Pikel
  4547 | D:5      | Reached skill level 1 in Fighting
  4547 | D:5      | Reached skill level 1 in Staves
  4850 | D:5      | Reached * piety under Vehumet
  4850 | D:5      | Offered knowledge of Shock by Vehumet.
  5220 | D:6      | Found an ornate altar of the Wu Jian Council.
  5271 | D:6      | Found a staircase to the Ecumenical Temple.
  5278 | Temple   | Entered the Ecumenical Temple
  5335 | D:6      | Reached skill level 5 in Conjurations
  5335 | D:6      | Reached XP level 9. HP: 45/48 MP: 11/21
  5666 | D:6      | Found a runed translucent gate.
  5666 | D:6      | Found a runed translucent gate.
  5666 | D:6      | Found a runed translucent gate.
  5748 | D:6      | Found a basalt altar of Yredelemnul.
  5763 | D:6      | Found an iron altar of Okawaru.
  5835 | D:6      | Found a snail-covered altar of Cheibriados.
  5835 | D:6      | Found a basalt altar of Yredelemnul.
  5836 | D:6      | Found a glowing silver altar of Zin.
  5893 | D:6      | Noticed Duvessa
  5893 | D:6      | Noticed Dowan
  5896 | D:6      | Killed Duvessa
  5897 | D:6      | Killed Dowan
  6181 | D:6      | Noticed Azuvok's ghost (novice FoFi)
  6738 | D:7      | Reached ** piety under Vehumet
  6738 | D:7      | Offered knowledge of Static Discharge by Vehumet.
  7748 | D:7      | Found a glowing golden altar of the Shining One.
  7909 | D:8      | Reached skill level 5 in Air Magic
  7951 | D:8      | Reached skill level 5 in Dodging
  8281 | D:8      | Offered knowledge of Scorch by Vehumet.
  8313 | D:8      | Found Cahuit's Armour Shoppe.
  8316 | D:8      | Bought a +2 buckler of reflection for 203 gold pieces
  8406 | D:8      | Reached XP level 10. HP: 55/55 MP: 19/24
  8951 | D:9      | Noticed Maurice
  8955 | D:9      | Paralysed by something for 2 turns
  8961 | D:9      | Paralysed by something for 4 turns
  8969 | D:9      | Paralysed by something for 3 turns
  8985 | D:9      | Paralysed by something for 4 turns
  8992 | D:9      | Killed Maurice
  9119 | D:9      | Found Dysooshraokh's Neck Hole.
  9128 | D:9      | Bought a +2 cloak for 280 gold pieces
  9153 | D:9      | Found a flagged portal.
  9176 | Bailey   | Entered a bailey
  9219 | Bailey   | Reached skill level 1 in Shields
  9341 | Bailey   | Reached *** piety under Vehumet
  9349 | Bailey   | Learned a level 6 spell: Plasma Beam
  9349 | Bailey   | Noticed a vault guard
  9353 | Bailey   | Killed a vault guard
  9457 | Bailey   | Noticed a vault guard
  9457 | Bailey   | Noticed Prince Ribbit
  9476 | Bailey   | Killed a vault guard
  9477 | Bailey   | Killed Prince Ribbit
  9676 | D:9      | Noticed Maggie
  9680 | D:9      | Killed Maggie
 10685 | D:9      | Found a burning altar of Makhleb.
 10685 | D:9      | Found a sacrificial altar of Ru.
 10685 | D:9      | Found a hazy altar of Hepliaklqana.
 10905 | D:9      | Reached skill level 5 in Evocations
 10905 | D:9      | Offered knowledge of Iskenderun's Mystic Blast by Vehumet.
 11414 | D:10     | Entered Level 10 of the Dungeon
 11550 | D:10     | Reached XP level 11. HP: 51/60 MP: 10/26
 12007 | D:10     | Identified the +9 spear "Suck" {flame, Str+3}
 12062 | D:10     | Found a shadowy altar of Dithmenos.
 12336 | D:11     | Noticed a two-headed ogre
 12337 | D:11     | a two-headed ogre changed into an orb spider
 12337 | D:11     | Noticed an orb spider
 12367 | D:11     | Killed an orb spider
 12408 | D:11     | Noticed a two-headed ogre
 12423 | D:11     | Killed a two-headed ogre
 12504 | D:11     | Found a staircase to the Lair.
 12653 | D:11     | Reached skill level 5 in Staves
 12732 | D:11     | Noticed Josephine
 12739 | D:11     | Killed Josephine
 12816 | D:11     | Found a staircase to the Orcish Mines.
 12834 | D:11     | Reached **** piety under Vehumet
 12934 | D:11     | Offered knowledge of Inner Flame by Vehumet.
 13072 | D:11     | Slain by a vampire

Illustrated notes

Levels and vault maps discovered:
D:1:      doesnt_arrival_eight_statues, layout_basic
D:2:      layout_loops_corners
D:3:      layout_rooms, hellmonk_ecumenical_altar_prayer_group, serial_shops,
          shop_statue, columned_hall_lemuel, st_stairs_6,
          hangedman_feature_mirror
D:4:      layout_basic, mainiacjoe_overflow_brackets,
          mainiacjoe_overflow_boulevard
D:5:      layout_loops_ring, grunt_ministairs_6, uniq_pikel, uniq_menkaure
D:6:      layout_loops_corners, nicolae_overflow_hidden_temple,
          lemuel_round_altar, grunt_temple_overflow_open, temple_green,
          gammafunk_ghost_icy, grunt_ministairs_6, st_stairs_2,
          hangedman_feature_mirror, uniq_duvessa, uniq_crazy_yiuf_cottage
D:7:      layout_layer_cave, marbit_many_paths
D:8:      layout_basic, serial_shops, kennysheep_mini_moat
D:9:      layout_grid_maze, gammafunk_temple_overflow_claw, enter_bailey_4,
          nicolae_shop_sticking_my_neck_out, uniq_maurice, uniq_maggie
D:10:     layout_layer_cave, mainiacjoe_overflow_cross_hatched,
          minmay_liquid_box
D:11:     layout_rooms, david_lair_shrubbed, david_orc_3,
          fedhas_altar_fruit_tree, uniq_josephine, uniq_urug
Temple:   hellmonk_temple_of_storms

Skill      XL: |  1  2  3  4  5  6  7  8  9 10 11 |
---------------+----------------------------------+-----
Earth Magic    | 4 5 6 7 8 9 |  9.8
Spellcasting   | 4 5 6 7 8 9 |  9.6
Conjurations   | 1 2 3 4 5 6 7 |  7.2
Air Magic      | 1 3 5 6 7 |  7.5
Evocations     | 1 2 4 5 |  5.6
Fighting       | 1 2 3 4 |  4.2
Staves         | 2 3 4 5 |  5.2
Dodging        | 3 5 6 |  6.9
Shields        | 2 |  2.8
Stealth        | |  2.4
Transmutations | |  1.1

Action                     |  1- 3 |  4- 6 |  7- 9 | 10-12 || total
---------------------------+-------+-------+-------+-------++-------
  Melee: Staff             |       |       |       |     3 ||     3
   Cast: Sandblast         |    42 |    31 |   150 |    96 ||   319
         Stone Arrow       |       |     2 |    41 |    45 ||    88
         Arcjolt           |       |       |     1 |    33 ||    34
         Plasma Beam       |       |       |       |     3 ||     3
  Evoke: Wand              |       |       |       |     6 ||     6
    Use: Scroll            |       |       |    15 |    10 ||    25
         Potion            |       |       |       |     7 ||     7
 Armour: Robe              |       |     1 |     4 |       ||     5
         Steam dragon scal |       |       |     3 |    15 ||    18
  Dodge: Dodged            |     1 |     7 |    19 |    27 ||    54
  Block: Other             |       |     3 |     8 |       ||    11
         Reflection        |       |       |     2 |     5 ||     7
         Buckler           |       |       |       |    32 ||    32

Table legend: (Time is in decaauts)
 A = Elapsed time spent in this place.
 B = Non-inter-level travel time spent in this place.
 C = Inter-level travel time spent in this place.
 D = Time resting spent in this place.
 E = Time spent auto-exploring this place.
 F = Levels seen in this place.
 G = Mean time per level.
                   A        B        C        D        E       F      G
               +--------+--------+--------+--------+--------+-----+--------+
         Total |  13249 |  12381 |    868 |   2955 |   6542 |  13 | 1019.2 |
       Dungeon |  12784 |  11916 |    868 |   2699 |   6542 |  11 | 1162.2 |
        Temple |     40 |     40 |      0 |      0 |      0 |   1 |   40.0 |
        Bailey |    424 |    424 |      0 |    256 |      0 |   1 |  424.0 |
               +--------+--------+--------+--------+--------+-----+--------+

Top non-repeatable levels by time:
     D:9: 1680 daAuts
     D:5: 1679 daAuts
     D:7: 1439 daAuts
     D:6: 1387 daAuts
     D:1: 1183 daAuts
     D:8: 1114 daAuts
     D:2: 1017 daAuts
    D:10: 938 daAuts
     D:4: 807 daAuts
     D:3: 784 daAuts
    D:11: 751 daAuts
  Bailey: 424 daAuts
  Temple: 40 daAuts
